 Dungeon Crawl Stone Soup version 0.30.0-5-g1a98f26d00 (webtiles) character file.

Game seed: 5854557748102009065

49534 sasquatch the Destroyer (level 13, -4/107 HPs)
             Began as a Demigod Fire Elementalist on May 8, 2023.
             Constricted to death by Jorgrun (11 damage)
             ... on level 2 of the Orcish Mines.
             The game lasted 01:07:21 (22812 turns).

sasquatch the Destroyer (DgFE)                     Turns: 22812, Time: 01:07:22

Health: -4/107     AC: 15    Str: 14    XL:     13   Next: 81%
Magic:  19/29      EV: 11    Int: 36    God:
Gold:   1679       SH:  0    Dex: 14    Spells: 10/28 levels left

rFire   + + .        n - staff of fire "Dahifal" {rF+ rN+ Str+5}
rCold   + . .        (no shield)
rNeg    + . .        J - +3 ring mail {rF+}
rPois   .            v - +0 helmet {Int+3}
rElec   .            G - +1 cloak
rCorr   .            U - +1 pair of gloves
SInv    .            (no boots)
Will    ++...        P - amulet of magic regeneration
Stlth   +            R - ring of protection from cold
HPRegen 0.37/turn    W - ring of willpower
MPRegen 0.61/turn

%: no passive effects
@: grasped by roots, very slightly contaminated, constricted
A: high MP 1, forlorn, divine attributes
a: no special abilities


You were on level 2 of the Orcish Mines.
You visited 4 branches of the dungeon, and saw 19 of its levels.
You also visited: Sewer and Bailey.

You collected 1679 gold pieces.

Inventory:

Hand Weapons
 e - the +10 halberd of Fragile Peace {freeze, +Blink rElec rPois rC-}
   (You found it on level 8 of the Dungeon)

   rC:        It makes you vulnerable to cold.
   rElec:     It insulates you from electricity.
   rPois:     It protects you from poison.
   +Blink:    It lets you blink.
 g - the +8 spear of Dowkaot {spect, rC+}
   (You found it on level 8 of the Dungeon)

   rC:        It protects you from cold.
 Z - the +6 trident of the Flying Rat {flame, rPois SInv}
   (You found it on level 5 of the Lair of Beasts)

   rPois:     It protects you from poison.
   SInv:      It lets you see invisible.
Missiles
 a - a throwing net
 l - 36 poisoned darts
 H - 4 curare-tipped darts
Armour
 k - a +0 troll leather armour
 v - a +0 helmet of intelligence (worn)
 x - an orb of energy
 G - a +1 cloak (worn)
 I - a scarf of harm
 J - a +3 ring mail of fire resistance (worn)
 K - a +2 robe of cold resistance
 N - a +0 kite shield
 U - a +1 pair of gloves (worn)
Magical Staves
 n - the staff of fire "Dahifal" (weapon) {rF+ rN+ Str+5}
   (You acquired it on level 5 of the Lair of Beasts)

   [staff of fire]

   Base accuracy: +5 Base damage: 5 Base attack delay: 1.2 This weapon's minimum
   attack delay (0.6) is reached at skill level 12.
   Str:       It affects your strength (+5).
   rF:        It protects you from fire.
   rN:        It protects you from negative energy.
   It falls into the 'Staves' category.
   It is a one-handed weapon.
 t - the staff of conjuration "Hec Jail" {Str+3}
   (You acquired it on level 11 of the Dungeon)

   [staff of conjuration]

   Base accuracy: +5 Base damage: 5 Base attack delay: 1.2 This weapon's minimum
   attack delay (0.6) is reached at skill level 12.
   Str:       It affects your strength (+3).
   It falls into the 'Staves' category.
   It is a one-handed weapon.
Jewellery
 h - an amulet of reflection
 z - an amulet of regeneration
 C - an amulet of the acrobat
 P - an amulet of magic regeneration (around neck)
 R - a ring of protection from cold (left hand)
 W - a ring of willpower (right hand)
Wands
 c - a wand of iceblast (36)
 f - a wand of polymorph (13)
 o - a wand of digging (4)
 y - a wand of flame (29)
 D - a wand of paralysis (10)
 V - a wand of acid (6)
Scrolls
 j - 4 scrolls of fear
 q - 3 scrolls of fog
 r - 3 scrolls of magic mapping
 u - 4 scrolls of blinking
 B - 4 scrolls of vulnerability
 E - 7 scrolls of teleportation
 Q - 2 scrolls of silence
 S - 2 scrolls of enchant armour
 T - 3 scrolls of poison
Potions
 b - 2 potions of magic
 d - 6 potions of brilliance
 i - 10 potions of curing
 m - 8 potions of haste
 p - a potion of berserk rage
 s - 2 potions of invisibility
 w - 6 potions of heal wounds
 A - a potion of flight
 F - a potion of resistance
 L - 5 potions of attraction
 M - 2 potions of ambrosia
 O - a potion of might
 Y - a potion of cancellation {unknown}


   Skills:
 - Level 8.0 Fighting
 + Level 7.9 Armour
 - Level 8.0 Dodging
 - Level 1.7 Stealth
 - Level 8.0 Spellcasting
 - Level 10.0 Conjurations
 - Level 10.0 Transmutations
 - Level 10.0 Fire Magic


You had 10 spell levels left.
You knew the following spells:

 Your Spells              Type           Power      Damage    Failure   Level
a - Foxfire               Conj/Fire      100%       2x1d9     1%          1
b - Scorch                Fire           100%       2d9       1%          2
c - Inner Flame           Hex/Fire       66%        N/A       1%          3
d - Volatile Blastmotes   Fire/Tloc      100%       2d18      1%          3
e - Flame Wave            Conj/Fire      92%        2d19      1%          4
f - Irradiate             Conj/Tmut      36%        3d23      2%          5

Your spell library contained the following spells:

 Spells                   Type           Power      Damage    Failure   Level
 Dazzling Flash           Conj/Hex       100%       N/A       1%          3
 Hailstorm                Conj/Ice       50%        3d11      1%          3
 Ignite Poison            Fire/Tmut/Pois 76%        N/A       1%          3
 Apportation              Tloc           28%        N/A       5%          1
 Freeze                   Ice            56%        1d7       5%          1
 Necrotise                Necr           56%        1d6       5%          1
 Slow                     Hex            56%        N/A       5%          1
 Summon Small Mammal      Summ           56%        N/A       5%          1
 Fulminant Prism          Conj/Hex       25%        3d14      7%          4
 Iskenderun's Mystic Bla  Conj/Tloc      50%        2d11      7%          4
 Petrify                  Tmut/Erth      50%        N/A       7%          4
 Lesser Beckoning         Tloc           28%        N/A       8%          2
 Confusing Touch          Hex            14%        N/A       16%         3
 Frozen Ramparts          Ice            28%        1d5       16%         3
 Gell's Gravitas          Tloc           14%        N/A       16%         3
 Teleport Other           Tloc           14%        N/A       16%         3
 Vampiric Draining        Necr           14%        2d7       16%         3
 Yara's Violent Unravell  Hex/Tmut       25%        3d11      19%         5
 Anguish                  Hex/Necr       7%         N/A       45%         4
 Cause Fear               Hex            7%         N/A       45%         4
 Passage of Golubria      Tloc           14%        N/A       45%         4
 Conjure Ball Lightning   Conj/Air       25%        3x3d7     71%         6
 Statue Form              Tmut/Erth      33%        N/A       71%         6
 Agony                    Necr           14%        N/A       82%         5
 Lee's Rapid Deconstruct  Erth           7%         3d6*      82%         5
 Metabolic Englaciation   Hex/Ice        7%         N/A       82%         5
 Silence                  Hex/Air        7%         N/A       82%         5
 Enfeeble                 Hex            7%         N/A       100%        7
 Lehudib's Crystal Spear  Conj/Erth      25%        10d7      100%        8


Dungeon Overview and Level Annotations

Branches:
Dungeon (11/15)            Temple (0/1) D:5            Lair (5/5) D:11
  Swamp (1/4) Lair:2       Spider (0/4) Lair:2        Slime (0/5) Lair:5
    Orc (2/2) D:10            Elf (0/3) Orc:2         Sewer (visited)
 Bailey (visited)

Shops:
D:10 (

Annotations:
D:8 exclusion: steam dragon
Lair:3 3 runed translucent doors, Feulaj's ghost, journeyman MiBe
Orc:2 Jorgrun


Innate Abilities, Weirdness & Mutations

You have an increased reservoir of magic. (+10% MP)
You shall have no god before yourself.
Your divine heritage dramatically boosts your attributes as you level up.


Message History

Jorgrun is lightly wounded.
Casting: Foxfire (safe; 1% risk of failure)
Press: ? - help, Q - select action, (/) - cycle Dir - look around, f - activate You feel a surge of power!
You conjure some foxfire!
The foxfire hits Jorgrun.
Jorgrun is moderately wounded.
The grasping roots constrict you!
The foxfire hits Jorgrun.
Jorgrun is moderately wounded.
Casting: Foxfire (safe; 1% risk of failure)
Confirm with . or Enter, or press ? or * to list all spells.
You feel a surge of power!
Flames lash Jorgrun.
Jorgrun is moderately wounded.
Jorgrun's fire resistance burns away.
The foxfire hits Jorgrun but does no damage.
Jorgrun is moderately wounded.
The foxfire hits Jorgrun.
Jorgrun is burned terribly!
Jorgrun is moderately wounded.
Jorgrun casts a spell at you. You resist with almost no effort.
The grasping roots constrict you!
Casting: Foxfire (safe; 1% risk of failure)
Press: ? - help, Q - select action, (/) - cycle Dir - look around, f - activate You feel a surge of power!
You conjure some foxfire!
The grasping roots constrict you!!
Unknown command.
Casting: Foxfire (safe; 1% risk of failure)
Confirm with . or Enter, or press ? or * to list all spells.
You erupt in a fountain of uncontrolled magic!
Jorgrun is blasted with magical radiation!!!
Jorgrun is severely wounded.
Jorgrun twists and deforms.
You are very lightly contaminated with residual magic.
The foxfire hits Jorgrun!
Jorgrun is burned terribly!
Jorgrun is severely wounded.
The foxfire hits Jorgrun.
Jorgrun is burned terribly!
Jorgrun is almost dead.
Jorgrun casts a spell at you. The iron shot hits you!!!
* * * LOW HITPOINT WARNING * * *
The grasping roots constrict you!
You die...

......# ......### .......#
.... .......### ....
#).......# ..... #.........
.....######.......#
.......#.§§......# .###
.........§@......# ...#..
...........g.#.#..###......
.............# #...........
##............# ...........
#...........#.# ..........
##.........#.#..#.........
#..........#.#.#†........
............##............
..............#.g..........


You could see Jorgrun (combustible, misshapen).

Vanquished Creatures
  The ghost of Piexesis the Fighter, a journeyman BaMo of Ru (D:11)
  A hydra (Lair:5)
  5 two-headed ogres
  2 catoblepae
  A merfolk avatar (Lair:5)
  2 boulder beetles
  Sonja (Lair:2)
  5 skysharks
  2 harpies (Lair:5)
  2 bog bodies (Lair:2)
  2 orc knights
  A lindwurm (Lair:5)
  An ugly thing (D:11)
  2 orc sorcerers
  A manticore (Lair:5)
  5 elephants
  2 oklob plants (Lair:5)
  A black mamba (Lair:1)
  8 cane toads
  3 torpor snails
  A kobold demonologist (D:10)
  A freezing wraith (D:11)
  Psyche (D:10)
  3 rime drakes
  14 komodo dragons
  3 polar bears
  2 trolls
  3 hornets
  A wind drake (Lair:5)
  Prince Ribbit (D:5)
  15 blink frogs
  2 shadows (D:11)
  11 wyverns
  3 wraiths
  37 yaks
  4 basilisks
  Edmund (D:6)
  A steam dragon (Lair:5)
  A warg (Orc:2)
  16 water moccasins
  3 acid dragons
  Duvessa (D:6)
  2 black bears
  A sky beast (D:7)
  An ice beast (D:6)
  22 orc warriors
  11 centaurs
  5 wolves (Lair:5)
  5 ogres
  2 kobold brigands
  3 phantoms
  Blork the orc (D:4)
  8 bullfrogs
  5 scorpions
  8 wights
  Dowan (D:6)
  A jelly (D:5)
  10 killer bees
  2 howler monkeys (D:10)
  3 electric eels (Lair:5)
  6 hounds
  11 orc priests
  Crazy Yiuf (D:3)
  2 sleepcaps
  A gnoll bouda (D:7)
  4 iguanas
  9 hell rats (Lair:4)
  14 orc wizards
  6 gnolls
  A river rat (D:3)
  15 adders
  A shadow imp (D:5)
  A white imp (D:7)
  2 ufetubi
  A worm (D:5)
  2 dart slugs
  45 orcs
  7 ball pythons
  9 bats
  4 endoplasms
  8 giant cockroaches
  3 goblins
  6 hobgoblins
  2 jackals (Sewer)
  4 quokkas
  3 training dummies (D:10)
  3 frilled lizards
  18 kobolds
  2 rats
455 creatures vanquished.

Vanquished Creatures (collateral kills)
  6 foxfires
6 creatures vanquished.

Vanquished Creatures (others)
  1834 foxfires
1834 creatures vanquished.

Grand Total: 2295 creatures vanquished

Notes
Turn   | Place    | Note
-------+----------+-------------------------------------------
     0 | D:1      | sasquatch the Demigod Fire Elementalist began the quest for
                  | the Orb.
     0 | D:1      | Reached XP level 1. HP: 14/14 MP: 5/5
   105 | D:1      | Reached skill level 1 in Conjurations
   360 | D:1      | Reached XP level 2. HP: 20/20 MP: 0/7
   363 | D:1      | Learned a level 2 spell: Scorch
  1660 | D:2      | Reached XP level 3. HP: 26/26 MP: 0/8
  1846 | D:2      | Learned a level 3 spell: Inner Flame
  2077 | D:2      | Reached XP level 4. HP: 28/33 MP: 5/10
  2909 | D:3      | Found a glowing drain.
  3010 | Sewer    | Entered a sewer
  3095 | Sewer    | Noticed a water moccasin
  3099 | Sewer    | Killed a water moccasin
  3100 | Sewer    | Reached XP level 5. HP: 38/38 MP: 3/12
  3109 | Sewer    | Learned a level 3 spell: Volatile Blastmotes
  3536 | D:3      | Reached XP level 6. HP: 45/45 MP: 6/13
  3819 | D:3      | Got Irame's Folio of the Variable Wind
  3882 | D:3      | Found a runed translucent door.
  3883 | D:3      | Noticed Crazy Yiuf
  3899 | D:3      | Killed Crazy Yiuf
  4256 | D:4      | Reached skill level 5 in Fire Magic
  4348 | D:4      | Reached XP level 7. HP: 50/50 MP: 6/15
  5087 | D:5      | Entered Level 5 of the Dungeon
  5100 | D:5      | Noticed Blork the orc
  5127 | D:4      | Killed Blork the orc
  5128 | D:4      | Reached skill level 5 in Conjurations
  5220 | D:5      | Found a staircase to the Ecumenical Temple.
  5556 | D:5      | Reached XP level 8. HP: 57/57 MP: 2/17
  5820 | D:5      | Noticed Prince Ribbit
  5835 | D:5      | Killed Prince Ribbit
  6368 | D:6      | Learned a level 4 spell: Flame Wave
  6491 | D:6      | Noticed Duvessa
  6491 | D:6      | Noticed Dowan
  6828 | D:6      | Noticed Edmund
  7697 | D:7      | Reached skill level 5 in Spellcasting
  7960 | D:7      | Reached XP level 9. HP: 62/62 MP: 14/20
  8227 | D:7      | Reached skill level 1 in Transmutations
  8423 | D:7      | Learned a level 5 spell: Irradiate
  8462 | D:6      | Killed Duvessa
  8464 | D:6      | Killed Dowan
  8662 | D:8      | Found a flagged portal.
  8666 | D:8      | Identified the +10 halberd of Fragile Peace {freeze, +Blink
                  | rElec rPois rC-}
  8668 | D:8      | Identified the +8 spear of Dowkaot {spect, rC+}
  8675 | Bailey   | Entered a bailey
 10765 | D:6      | Killed Edmund
 10853 | D:8      | Reached XP level 10. HP: 58/68 MP: 11/22
 11660 | D:9      | Reached skill level 5 in Transmutations
 12345 | D:9      | Noticed an orc knight
 12413 | D:9      | Killed an orc knight
 12539 | D:9      | Noticed a two-headed ogre
 12576 | D:9      | Killed a two-headed ogre
 12740 | D:9      | Noticed a two-headed ogre
 12746 | D:9      | Killed a two-headed ogre
 12747 | D:9      | Reached skill level 10 in Conjurations
 13183 | D:10     | Entered Level 10 of the Dungeon
 13183 | D:10     | Noticed Psyche
 13189 | D:10     | Killed Psyche
 13355 | D:10     | Noticed a two-headed ogre
 13364 | D:10     | Killed a two-headed ogre
 13365 | D:10     | Reached XP level 11. HP: 50/74 MP: 17/25
 13450 | D:10     | Found a staircase to the Orcish Mines.
 13454 | D:10     | Found Ydaugelli's Firing Range.
 13524 | D:10     | Noticed a two-headed ogre
 13879 | D:10     | Killed a two-headed ogre
 13978 | D:10     | Noticed a sixfirhy
 14224 | D:10     | Noticed a two-headed ogre
 14240 | D:10     | Killed a two-headed ogre
 14329 | D:11     | Found a runed translucent gate.
 14329 | D:11     | Found a runed translucent gate.
 14329 | D:11     | Found a runed translucent gate.
 14359 | D:11     | Found a staircase to the Lair.
 14486 | D:11     | Identified a scroll of acquirement
 14490 | D:11     | Acquired the staff of conjuration "Hec Jail" {Str+3}
 15043 | D:11     | Noticed Piexesis's ghost (journeyman BaMo)
 15294 | D:11     | Identified the +0 robe of the Bells {rF- rN++ Str+8 Int-5}
 15324 | D:11     | Killed Piexesis's ghost
 15406 | Orc:1    | Entered Level 1 of the Orcish Mines
 15425 | Orc:1    | Noticed an orc knight
 15457 | Lair:1   | Entered Level 1 of the Lair of Beasts
 16637 | Lair:2   | Found a staircase to the Swamp.
 16637 | Lair:2   | Noticed a bog body
 16645 | Lair:2   | Killed a bog body
 16648 | Lair:2   | Reached skill level 10 in Transmutations
 16663 | Lair:2   | Noticed a bog body
 16671 | Lair:2   | Killed a bog body
 16672 | Lair:2   | Reached skill level 10 in Fire Magic
 16672 | Lair:2   | Reached XP level 12. HP: 59/81 MP: 20/28
 16771 | Lair:2   | Reached skill level 1 in Fighting
 16885 | Lair:2   | Noticed Sonja
 16891 | Lair:2   | Killed Sonja
 17252 | Lair:2   | Found a hole to the Spider Nest.
 17614 | Swamp:1  | Entered Level 1 of the Swamp
 17640 | Lair:3   | Noticed a boulder beetle
 17645 | Lair:3   | Killed a boulder beetle
 17894 | Lair:3   | Found a runed translucent gate.
 17894 | Lair:3   | Found a runed translucent gate.
 17894 | Lair:3   | Found a runed translucent gate.
 17897 | Lair:3   | Noticed Feulaj's ghost (journeyman MiBe)
 17901 | Lair:3   | Noticed a five-headed hydra
 18011 | Lair:3   | Reached skill level 5 in Dodging
 18126 | Lair:3   | Reached skill level 5 in Fighting
 18652 | Lair:4   | Noticed a catoblepas
 18902 | Lair:4   | Noticed a boulder beetle
 19172 | Lair:4   | Killed a boulder beetle
 19451 | Lair:4   | Killed a catoblepas
 19452 | Lair:4   | Reached XP level 13. HP: 94/104 MP: 17/29
 19820 | Lair:5   | Entered Level 5 of the Lair of Beasts
 20338 | Lair:5   | Reached skill level 1 in Armour
 20771 | Lair:5   | Reached skill level 5 in Armour
 20870 | Lair:5   | Identified the +6 trident of the Flying Rat {flame, rPois
                  | SInv}
 21200 | Lair:5   | Found a staircase to the Slime Pits.
 21997 | Lair:5   | Acquired the staff of fire "Dahifal" {rF+ rN+ Str+5}
 22543 | Orc:2    | Entered Level 2 of the Orcish Mines
 22639 | Orc:2    | Found a staircase to the Elven Halls.
 22769 | Orc:2    | Noticed Jorgrun
 22812 | Orc:2    | Constricted to death by Jorgrun

Illustrated notes

Levels and vault maps discovered:
D:1:      dpeg_arrival_connections, layout_basic
D:2:      layout_loops_cross, minmay_circle_x
D:3:      layout_rooms, portal_sewer_entry_c, dk_noncrumbling_3,
          hangedman_abyss_or_decor_stabs, uniq_crazy_yiuf_cottage
D:4:      layout_loops_ring, nzn_wu_jian_contemplation
D:5:      layout_gridville, nicolae_overflow_hidden_temple, temple_statues,
          st_stairs_8, minmay_misc_feat_chi, uniq_prince_ribbit1,
          uniq_blork_the_orc
D:6:      layout_loops_ring, skrybe_limestone_x, uniq_duvessa, uniq_edmund
D:7:      layout_cave_pools, palyth_temple_overflow_mages
D:8:      layout_basic, enter_bailey_2
D:9:      layout_loops_cross, st_stairs_4, hellmonk_guarded_unrand_dark_maul
D:10:     layout_basic, lemuel_tele_altar, nicolae_shop_firing_range,
          uniq_psyche
D:11:     layout_cave_pools, lair_entry_dummy, gammafunk_ghost_spectres
Lair:1:   layout_gridlike, guppyfry_lair_drakes
Lair:2:   layout_cave_pods, skrybe_swamp_entry_bodies, dummy_spider_entry,
          uniq_sonja
Lair:3:   layout_long_grid, gammafunk_ghost_split, grunt_megastairs_2,
          lemuel_fruit_tree
Lair:4:   layout_gridlike, serial_bayou_shore_b
Lair:5:   gammafunk_lair_ancient_temple, layout_cave_pods,
          minmay_slime_entry_oklob_open, chequers_serial_rivers_room_b,
          pdpol_lair_cavern_descent
Swamp:1:  layout_basic_swamp, hangedman_swamp_ruin_wall
Orc:1:    layout_caves, basic_altar, uniq_snorg
Orc:2:    st_orc_ogre_mass, layout_diamond_mine, nicolae_shop_gadgets,
          uniq_jorgrun

Skill      XL: |  1  2  3  4  5  6  7  8  9 10 11 12 13 |
---------------+----------------------------------------+-----
Conjurations   | 1 2 3 4 5 7 8 10 | 10.0
Fire Magic     | 3 4 5 6 7 8 10 | 10.0
Spellcasting   | 2 3 4 5 6 8 |  8.0
Transmutations | 4 7 10 | 10.0
Dodging        | 7 8 |  8.0
Fighting       | 6 8 |  8.0
Armour         | 7 |  7.9
Stealth        | |  1.7

Action                     |  1- 3 |  4- 6 |  7- 9 | 10-12 | 13-15 || total
---------------------------+-------+-------+-------+-------+-------++-------
  Melee: Dagger            |     7 |     2 |       |       |       ||     9
         Unarmed           |     1 |       |       |       |       ||     1
         Halberd           |       |       |     3 |       |       ||     3
         Staff             |       |       |       |       |     1 ||     1
   Cast: Foxfire           |    61 |    94 |   275 |   366 |   264 ||  1060
         Scorch            |    10 |    17 |    79 |   115 |    54 ||   275
         Flame Wave        |       |       |     9 |    48 |    18 ||    75
         Volatile Blastmot |       |       |     2 |    14 |       ||    16
         Irradiate         |       |       |       |    35 |    26 ||    61
  Evoke: Wand              |       |       |       |       |     1 ||     1
    Use: Scroll            |       |       |    15 |    10 |     5 ||    30
         Potion            |       |       |       |     1 |       ||     1
 Armour: Robe              |     4 |       |    12 |    25 |    15 ||    56
         Ring mail         |       |       |       |       |    15 ||    15
  Dodge: Dodged            |    11 |     2 |    58 |    64 |    56 ||   191
  Block: Other             |     3 |     1 |       |       |       ||     4
